 Dungeon Crawl Stone Soup version 0.29.1-1-gd02db6906a (webtiles) character file.

Game seed: 5931070655539346268

568513 Poofo the Axe Maniac (level 25, -4/253 HPs)
             Began as a Minotaur Berserker on Oct 22, 2022.
             Was a High Priest of Trog.
             Slain by an Orb Guardian (12 damage)
             ... on level 5 of the Realm of Zot.
             The game lasted 04:16:18 (65906 turns).

Poofo the Axe Maniac (Minotaur Berserker)          Turns: 65906, Time: 04:16:18

Health: -4/253     AC: 49    Str: 35    XL:     25   Next: 56%
Magic:  0/22       EV: 16    Int:  4    God:    Trog [*****.]
Gold:   4782       SH: 24    Dex: 12    Spells: 24/24 levels left

rFire   + + .      SeeInvis +   s - +9 broad axe (flame)
rCold   + + .      Faith    .   O - +2 tower shield {AC+3}
rNeg    . . .      Spirit   .   D - +3 gold dragon scales
rPois   +          Reflect  .   q - +2 hat {SInv}
rElec   .          Harm     .   k - +2 cloak {Will+}
rCorr   .          Rampage  .   X - +1 pair of gloves {Str+3}
Will    ++++.                   h - +2 pair of boots
Stlth   ..........              C - amulet "Wopif" {Acrobat Slay+3}
HPRegen 1.52/turn               U - +4 ring of protection
MPRegen 0.18/turn               r - ring of Ifau {rF+ rC+}

@: strong-willed (expiring), on berserk cooldown, regenerating (expiring)
A: horns 2, retaliatory headbutt, screaming 1, subdued magic 1
}: 3/15 runes: decaying, serpentine, silver
a: Renounce Religion, Berserk, Trog's Hand, Brothers in Arms


You were on level 5 of the Realm of Zot.
You worshipped Trog.
Trog was extremely pleased with you.
You visited 8 branches of the dungeon, and saw 44 of its levels.
You also visited: Sewer and Ice Cave.

You collected 6193 gold pieces.
You spent 1411 gold pieces at shops.

Inventory:

Hand Weapons
 b - a +4 vampiric hand axe
 e - the +6 glaive of Accidental Termination {flame, rN+++ MP-9 Str+8}
   (You found it on level 3 of the Swamp)

   It burns those it strikes, dealing additional fire damage.
   Big, fiery blades are also staple armaments of hydra-hunters.
   Str:       It affects your strength (+8).
   rN:        It renders you almost immune to negative energy.
   MP:        It affects your magic capacity (-9).
 s - a +9 broad axe of flaming (weapon)
 I - a +3 antimagic war axe
 M - a +7 broad axe of protection
 Y - the +3 hand axe of Kezyityb {flame, rF+}
   (Trog gifted it to you on level 3 of the Vaults)

   It burns those it strikes, dealing additional fire damage.
   Big, fiery blades are also staple armaments of hydra-hunters.
   rF:        It protects you from fire.
Armour
 h - a +2 pair of boots (worn)
 k - a +2 cloak of willpower (worn)
 q - a +2 hat of see invisible (worn)
 y - the +18 Lear's hauberk
   (You took it off an orc priest on level 2 of the Orcish Mines)
 D - +3 gold dragon scales (worn)
 O - a +2 tower shield of protection (worn)
 Q - the +2 pair of boots of Xubleuso {Fly Int-3 Stlth+}
   (You found it on level 1 of the Swamp)

   Int:       It affects your intelligence (-3).
   Fly:       It grants you flight.
   Stlth:     It makes you more stealthy.
 W - a +3 kite shield of cold resistance
 X - a +1 pair of gloves of strength (worn)
Jewellery
 f - an amulet of reflection
 j - a ring of see invisible
 n - the amulet "Hetass" {RegenMP Will++}
   (You found it in an ice cave)

   [amulet of magic regeneration]

   It increases your rate of magic regeneration.
   Will:      It greatly increases your willpower.
 r - the ring of Ifau (right hand) {rF+ rC+}
   (You found it in an ice cave)

   [ring of protection from cold]

   rF:        It protects you from fire.
   rC:        It protects you from cold.
 C - the amulet "Wopif" (around neck) {Acrobat Slay+3}
   (You acquired it on level 9 of the Dungeon)

   [amulet of the acrobat]

   It increases your evasion while moving and waiting.
   Slay:      It affects your accuracy & damage with ranged weapons and melee
   (+3).
 J - the ring of Biawk {rElec rPois rF+ Will- Dex+4}
   (You found it in an ice cave)

   [ring of poison resistance]

   Dex:       It affects your dexterity (+4).
   rF:        It protects you from fire.
   rElec:     It insulates you from electricity.
   rPois:     It protects you from poison.
   Will:      It decreases your willpower.
 P - a +4 ring of evasion
 T - an amulet of regeneration
 U - a +4 ring of protection (left hand)
Wands
 x - a wand of paralysis (38)
 N - a wand of digging (12)
Scrolls
 c - 4 scrolls of fog
 d - 10 scrolls of fear
 l - 9 scrolls of magic mapping
 p - 18 scrolls of teleportation
 t - 2 scrolls of enchant weapon
 B - 4 scrolls of blinking
 S - 8 scrolls of poison
Potions
 i - 9 potions of attraction
 z - 4 potions of invisibility
 A - 3 potions of cancellation
 F - 12 potions of curing
 G - a potion of mutation
 H - 2 potions of might
 K - a potion of ambrosia
 L - 2 potions of resistance
 R - 2 potions of berserk rage
 V - a potion of magic
 Z - a potion of haste
Miscellaneous
 g - a phial of floods (quivered)
 m - a lightning rod (4/4)
 v - a condenser vane
 w - a box of beasts
 E - a tin of tremorstones (2/2)


   Skills:
 + Level 26.3 Fighting
 O Level 27 Axes
 + Level 26.1 Armour
 + Level 24.3 Dodging
 + Level 22.2 Shields


You had 24 spell levels left.
You didn't know any spells.
Your spell library was empty.

Dungeon Overview and Level Annotations

Branches:
Dungeon (15/15)            Temple (0/1) D:4            Lair (5/5) D:10
  Swamp (4/4) Lair:2        Snake (4/4) Lair:3        Slime (0/5) Lair:5
    Orc (2/2) D:10            Elf (0/3) Orc:2        Vaults (5/5) D:13
  Crypt (0/3) Vaults:3     Depths (4/4) D:15            Zot (5/5) Depths:4
  Sewer (visited)           IceCv (visited)

Altars:
Elyvilon
Fedhas
Hepliaklqana
Okawaru
Sif Muna
Vehumet
Xom
Zin
The Shining One
Jiyva
Lugonu

Shops:
D:11 *   Orc:2 =:**   Snake:2 [   Snake:4 *=?(   Vaults:2 ?   Vaults:4 :

Portals:
Hell: Depths:1 Depths:2 Depths:3 Depths:4
Abyss: Depths:2 Depths:3 Depths:4
Pandemonium: Depths:1 Depths:2 Depths:3 Depths:4
Ziggurat: Depths:2

Annotations:
Vaults:3 1 runed translucent door, Angmar's ghost, veteran DrAE
Zot:4 6 runed translucent doors


Innate Abilities, Weirdness & Mutations

You have a pair of horns on your head.
You reflexively headbutt those who attack you in melee.
You occasionally shout uncontrollably at your foes.
Your spells are a little easier to cast, but a little less powerful.


Message History

* * * LOW HITPOINT WARNING * * *
You block the storm dragon's attack. x2
The ghost moth stares at you. The Orb Guardian barely misses you.
The moth of wrath misses you. You furiously retaliate!
You headbutt the moth of wrath.
You feel much better. The Orb Guardian hits you!
* * * LOW HITPOINT WARNING * * *
You block the Orb Guardian's attack.
You block the purple draconian's attack.
The Killer Klown blinks!
The storm dragon bites you but does no damage.
You block the storm dragon's attack.
The storm dragon tramples you but does no damage.
The orb of fire glows red.
The bolt of fire hits you. You resist.
* * * LOW HITPOINT WARNING * * *
The bolt of fire misses the orb of fire.
The Orb Guardian hits you!!
* * * LOW HITPOINT WARNING * * *
Magic scrolls do not work when you're silenced!
You feel strangely stable.
Your magical effects are unravelling.
You feel magically purged.
You feel yourself slow down.
Your hearing returns.
You block the Orb Guardian's attack. You block the moth of wrath's attack.
You hear a loud "Zot"!
The yellow draconian annihilator gestures at you while chanting.
The bolt of lightning hits the orb of fire.
The orb of fire completely resists.
The bolt of lightning misses you.
The bolt of lightning hits the orb of fire.
The orb of fire completely resists.
The red draconian scorcher closely misses you.
You furiously retaliate!
You headbutt the red draconian scorcher.
The ghost moth stares at you. You block the storm dragon's attack.
The storm dragon misses you. The storm dragon closely misses you.
You block the purple draconian's attack.
The Orb Guardian hits you!
You die...

,,,,,,,,..........^.▓▓
,,,,,,,,......p......▓
,,,,,,,,....(........▓
,,,,,,,,............▓▓
,,,,,,,,....d...§..▓▓
***,,,,,....**9dd.▓▓
▓▓▓▓▓▓▓▓▓▓##*.qdd▓▓
.^......^.^^.yD*dX##
)##.........dDqq@yz#*
##..........†yXDX*..#*
#..^.†........qydd...#
#.............Dd.....#
#.....^........^.....#
#....................#
#....§...............#
#....................#
##........*^..,,,,,,**


You could see 5 orbs of fire, a Killer Klown (summoned), an electric golem, a
black draconian knight (fast, invisible), 2 golden dragons, a storm dragon
(summoned, berserk), 2 draconians, 2 draconians, 3 draconians, 2 draconians, a
white draconian, a death cob (summoned), a quicksilver dragon, 3 Orb Guardians,
a yellow draconian annihilator (summoned), 2 draconians, a ghost moth (summoned,
invisible) and 3 moths of wrath.

Vanquished Creatures
  2 ancient liches (Vaults:5)
  2 orbs of fire
  2 dread liches
  Josephina (Zot:1)
  Vv (Zot:2)
  10 Killer Klowns
  Margery (Vaults:3)
  Xtahua (Vaults:2)
  2 curse toes
  5 golden dragons
  A bone dragon (Depths:4)
  Jorgrun (Orc:2)
  A walking crystal tome (Depths:4)
  24 tentacled monstrosities
  Rupert (D:12)
  2 liches
  11 titans
  8 Orb Guardians (Zot:5)
  Mlioglotl (Swamp:4)
  Frances (D:14)
  12 quicksilver dragons
  Gastronok (D:11)
  8 sphinxes
  16 shadow dragons
  9 death cobs
  14 tengu reavers
  2 thorn hunters (Swamp:1)
  A fenstrider witch (Swamp:4)
  12 storm dragons
  A draconian monk (Zot:1)
  7 nagarajas
  3 draconian knights
  2 azure jellies (IceCv)
  Donald (Snake:1)
  9 fire giants
  18 vault wardens
  6 frost giants
  3 ghost moths
  3 draconian scorchers
  The ghost of Vuyleh the Skirmisher, a journeyman GnHu of Okawaru (D:14)
  An iron dragon (Vaults:5)
  Aizul (Snake:2)
  3 deep elf elementalists (Depths:3)
  An orc warlord (Orc:2)
  A war gargoyle (Vaults:5)
  13 ironbound preservers
  5 draconian shifters
  6 ghouls
  A quicksilver ooze (shapeshifter) (Vaults:5)
  2 spriggan defenders (Depths:4)
  3 draconian annihilators
  A caustic shrike skeleton (Depths:2)
  2 draconian stormcallers
  The ghost of duchin the Severer, a journeyman MiFi of Hepliaklqana (D:12)
  A reaper (Depths:2)
  2 quicksilver oozes (IceCv)
  The ghost of Turbonekonecno the Unseen, an adept SpEn of Makhleb (Swamp:1)
  18 stone giants
  34 very ugly things
  A deep elf demonologist (Vaults:5)
  7 ironbound thunderhulks
  3 vampire knights
  10 green draconians
  6 eleionomae
  14 purple draconians
  4 deep elf annihilators
  6 red draconians
  9 white draconians
  4 bunyips
  16 dire elephants
  13 yellow draconians
  Azrael (Orc:2)
  11 black draconians
  7 spark wasps (Depths:2)
  2 crystal guardians (Vaults:3)
  The ghost of bogdani the Basher, a journeyman HOBe of Trog (D:12)
  Snorg (D:14)
  9 ettins
  2 deep elf death magi
  16 yaktaur captains
  4 great orbs of eyes
  10 fire dragons
  7 salamander tyrants
  2 shambling mangroves
  The ghost of lis82 the Arsonist, a journeyman DgFE (D:13)
  2 deep elf high priests (Vaults:5)
  2 jiangshi (Depths:3)
  30 hydras
  Fannar (D:11)
  35 vault guards
  2 rakshasas
  4 boulder beetles
  A hell beast (Depths:1)
  A peacekeeper (Vaults:3)
  11 ice dragons
  4 ghost crabs
  An ogre mage (Vaults:5)
  A death knight (D:15)
  8 anacondas
  7 two-headed ogres
  8 ironbound frosthearts
  A merfolk avatar (Lair:5)
  A merfolk aquamancer (Depths:3)
  8 spriggan air magi
  16 alligators
  7 centaur warriors
  A spriggan skeleton (Depths:2)
  4 deep troll shamans
  3 vampire magi
  13 naga warriors
  10 tengu warriors
  2 orc high priests (Orc:2)
  18 deep troll earth magi
  Urug (D:11)
  7 death yaks
  A sun demon (Depths:1)
  19 naga sharpshooters
  4 spriggan berserkers
  19 hell knights
  A deep elf knight (Orc:2)
  9 shock serpents
  12 iron trolls
  A sixfirhy (Depths:1)
  A fire crab (Lair:3)
  10 goliath frogs
  A quicksilver dragon simulacrum (Zot:1)
  2 sea snakes
  8 spriggan druids
  6 salamander mystics
  44 deep trolls
  A flayed ghost (Depths:2)
  A death drake (Swamp:2)
  A glowing orange brain (Vaults:3)
  5 naga ritualists
  The ghost of ababab the Jinx, a novice FeEn of Dithmenos (D:8)
  A tengu zombie (Depths:2)
  9 bog bodies
  19 swamp dragons
  21 ironbound convokers
  20 lindwurms
  6 phantasmal warriors
  6 harpies
  4 necromancers
  5 wizards
  4 deep elf pyromancers
  6 mana vipers
  An oklob plant (Lair:2)
  11 orc knights
  The ghost of glosham the Thaumaturge, a novice FoCA of Ignis (D:12)
  2 deep elf zephyrmancers (Orc:2)
  2 orc sorcerers (Orc:2)
  A wolf spider (D:14)
  2 manticores (Lair:5)
  4 cyclopes
  19 ugly things
  8 elephants
  36 moths of wrath
  3 will-o-the-wisps
  A cyclops (shapeshifter) (Vaults:3)
  14 naga magi
  16 salamanders
  23 vault sentinels
  20 black mambas
  15 cane toads
  A smoke demon (Depths:2)
  A water nymph (shapeshifter) (Vaults:5)
  A gargoyle (D:13)
  An ice statue (IceCv)
  A molten gargoyle (Depths:3)
  9 guardian serpents
  A storm dragon simulacrum (Zot:1)
  3 unseen horrors
  A hellion (Zot:5)
  2 ice devils (D:12)
  5 rime drakes
  19 yaktaurs
  7 freezing wraiths
  3 torpor snails
  A komodo dragon (shapeshifter) (D:15)
  7 komodo dragons
  2 tengu conjurers
  2 trolls
  A wind drake (shapeshifter) (Depths:2)
  3 hellwings
  4 burning bushes (Lair:4)
  7 guardian mummies (Zot:4)
  17 hornets
  4 polar bears
  2 wind drakes (Lair:5)
  A merfolk (Depths:3)
  12 tyrant leeches
  A tyrant leech (shapeshifter) (Depths:2)
  7 slime creatures
  A raiju (shapeshifter) (Vaults:4)
  2 blink frogs (Lair:5)
  3 dream sheep (Lair:2)
  A draconian simulacrum (Zot:1)
  A centaur simulacrum (D:14)
  7 wyverns
  39 yaks
  3 basilisks
  5 wraiths
  13 spriggans
  3 fire elementals
  4 water elementals
  24 humans
  A neqoxec (Depths:2)
  A redback (shapeshifter) (Vaults:5)
  3 steam dragons
  4 wargs (Orc:2)
  23 vampire mosquitoes
  16 swamp worms
  18 water moccasins
  38 nagas
  2 moth of wrath simulacra (Zot:1)
  5 hell hounds (Orc:2)
  33 orc warriors
  2 floating eyes (Depths:2)
  A meliai simulacrum (D:15)
  9 swamp drakes
  2 sky beasts (D:7)
  2 ice beasts
  A black bear (Lair:1)
  3 great orb of eyes simulacra (IceCv)
  6 ogres
  9 boggarts (Vaults:2)
  27 wolves
  3 centaurs (D:10)
  5 slime creature simulacra (IceCv)
  A kobold brigand (D:9)
  A gnoll sergeant (D:9)
  15 bullfrogs
  4 scorpions
  4 glowing shapeshifter simulacra (IceCv)
  2 necrophages (Swamp:3)
  9 wights
  10 killer bees
  2 electric eels (Snake:2)
  4 howler monkeys
  2 hounds (D:4)
  15 orc priests
  2 gnoll boudas
  5 iguanas
  24 orc wizards
  A hell rat (D:10)
  3 shapeshifter simulacra (IceCv)
  11 adders
  17 gnolls
  3 river rats
  2 shadow imps
  3 white imps
  An ufetubus (D:5)
  2 worms
  A dart slug (D:2)
  74 orcs
  5 bats
  8 endoplasms
  5 giant cockroaches
  5 goblins
  3 hobgoblins
  11 quokkas
  9 ball pythons
  8 frilled lizards
  9 kobolds
  8 rats
  5 butterflies (Zot:4)
1848 creatures vanquished.

Vanquished Creatures (collateral kills)
  A Killer Klown (Zot:3)
  A death cob (Zot:3)
  A storm dragon (Zot:3)
  Nessos (Lair:3)
  A centaur warrior (D:13)
  A shock serpent (Snake:4)
  2 naga sharpshooters (Snake:4)
  A mana viper (Snake:4)
  2 black mambas (Snake:4)
  A naga (Snake:4)
12 creatures vanquished.

Vanquished Creatures (others)
  A death cob (Zot:5)
  A naga mage (Snake:2)
  2 bloated husks
  A tyrant leech (Swamp:2)
  A spriggan (Swamp:2)
  2 nagas (Snake:4)
  A swamp worm (Swamp:3)
  3 briar patches (Swamp:1)
  5 foxfires
  16 fungi
  75 plants
  2 withered plants (Vaults:3)
110 creatures vanquished.

Grand Total: 1970 creatures vanquished

Notes
Turn   | Place    | Note
-------+----------+-------------------------------------------
     0 | D:1      | Poofo the Minotaur Berserker began the quest for the Orb.
     0 | D:1      | Reached XP level 1. HP: 19/19 MP: 0/0
   462 | D:1      | Reached XP level 2. HP: 21/27 MP: 1/1
   835 | D:1      | Reached ** piety under Trog
   842 | D:1      | Reached skill level 4 in Axes
  1319 | D:1      | Reached XP level 3. HP: 33/33 MP: 2/2
  2255 | D:2      | Identified the +2 helmet of Raga {rPois rC+ MP+9}
  2780 | D:3      | Reached XP level 4. HP: 12/41 MP: 3/3
  3485 | D:4      | Found a hazy altar of Hepliaklqana.
  3504 | D:4      | Noticed a scorpion
  3516 | D:4      | Killed a scorpion
  3517 | D:4      | Reached XP level 5. HP: 47/47 MP: 4/4
  3706 | D:4      | Found a staircase to the Ecumenical Temple.
  3716 | D:4      | Found an iron altar of Okawaru.
  3776 | D:4      | Reached skill level 5 in Fighting
  3776 | D:4      | Reached skill level 5 in Axes
  3928 | D:4      | Found a glowing silver altar of Zin.
  4057 | D:5      | Entered Level 5 of the Dungeon
  4086 | D:5      | Reached XP level 6. HP: 56/56 MP: 5/5
  4163 | D:5      | Noticed a yak
  4163 | D:5      | Noticed a yak
  4163 | D:5      | Noticed a yak
  4163 | D:5      | Noticed a yak
  4163 | D:5      | Noticed a yak
  4163 | D:5      | Noticed a yak
  4167 | D:5      | Killed a yak
  4168 | D:5      | Reached skill level 5 in Armour
  4171 | D:5      | Killed a yak
  4172 | D:5      | Reached XP level 7. HP: 62/62 MP: 6/6
  4178 | D:5      | Killed a yak
  4179 | D:5      | Reached skill level 6 in Axes
  4179 | D:5      | Reached skill level 5 in Dodging
  4183 | D:5      | Killed a yak
  4183 | D:5      | Reached *** piety under Trog
  4190 | D:5      | Killed a yak
  4191 | D:5      | Reached XP level 8. HP: 25/71 MP: 7/7
  5104 | D:5      | Reached skill level 7 in Axes
  5827 | D:6      | Found a glowing drain.
  5844 | Sewer    | Entered a sewer
  6775 | D:6      | Reached XP level 9. HP: 81/81 MP: 8/8
  6803 | D:6      | Reached skill level 8 in Axes
  8150 | D:7      | Reached skill level 9 in Axes
  8632 | D:8      | Found a glowing golden altar of the Shining One.
  8752 | D:8      | Noticed ababab's ghost (novice FeEn)
  8758 | D:8      | Found a runed translucent door.
  8795 | D:8      | Killed ababab's ghost
  8796 | D:8      | Reached XP level 10. HP: 23/91 MP: 9/9
  9137 | D:8      | Reached **** piety under Trog
  9634 | D:8      | Paralysed by an orc for 5 turns
  9714 | D:8      | Noticed a two-headed ogre
  9716 | D:8      | Identified a scroll of acquirement
  9716 | D:8      | Acquired a manual of Axes
  9724 | D:8      | Killed a two-headed ogre
  9725 | D:8      | Reached skill level 10 in Fighting
  9725 | D:8      | Reached skill level 10 in Axes
 10219 | D:9      | Noticed a two-headed ogre
 10229 | D:9      | Killed a two-headed ogre
 10230 | D:9      | Reached skill level 10 in Armour
 10299 | D:9      | Reached skill level 11 in Axes
 10380 | D:9      | Gained mutation: Your natural rate of healing is unusually
                  | fast. [potion of mutation]
 10380 | D:9      | Gained mutation: You have supernaturally acute eyesight.
                  | (SInv) [potion of mutation]
 10553 | D:9      | Acquired the amulet "Wopif" {Acrobat Slay+3}
 10982 | D:10     | Entered Level 10 of the Dungeon
 10987 | D:10     | Identified the +2 ring mail of Monotheism {rElec rC+}
 11104 | D:10     | Found a blossoming altar of Fedhas.
 11202 | D:10     | Noticed a two-headed ogre
 11211 | D:10     | Killed a two-headed ogre
 11212 | D:10     | Reached XP level 11. HP: 101/101 MP: 10/10
 11241 | D:10     | Identified the +0 pair of gloves of the Eternal Fruit
                  | {Will+}
 11250 | D:10     | Noticed a death yak
 11252 | D:10     | Noticed a death yak
 11253 | D:10     | Noticed a death yak
 11256 | D:10     | Reached skill level 12 in Axes
 11261 | D:10     | Killed a death yak
 11266 | D:10     | Killed a death yak
 11267 | D:10     | Reached skill level 10 in Dodging
 11269 | D:10     | Killed a death yak
 11316 | D:10     | Found a staircase to the Lair.
 11348 | D:10     | Found a staircase to the Orcish Mines.
 11457 | Lair:1   | Entered Level 1 of the Lair of Beasts
 12781 | Lair:2   | Reached skill level 13 in Axes
 12892 | Lair:2   | Reached ***** piety under Trog
 13072 | Lair:2   | Noticed an oklob plant
 13192 | Lair:2   | Found a staircase to the Swamp.
 13205 | Lair:2   | Reached skill level 14 in Axes
 13629 | Lair:2   | Killed an oklob plant
 13688 | Lair:3   | Noticed a five-headed hydra
 13758 | Lair:3   | Reached XP level 12. HP: 112/112 MP: 11/11
 13817 | Lair:3   | Lost mutation: You have supernaturally acute eyesight.
                  | (SInv) [potion of mutation]
 13817 | Lair:3   | Lost mutation: Your natural rate of healing is unusually
                  | fast. [potion of mutation]
 13817 | Lair:3   | Gained mutation: You are partially covered in iridescent
                  | scales. (AC +2) [potion of mutation]
 13817 | Lair:3   | Gained mutation: Your skin changes colour to match your
                  | surroundings (Stealth+). [potion of mutation]
 13908 | Lair:3   | Noticed a boulder beetle
 13946 | Lair:3   | Killed a boulder beetle
 14384 | Lair:3   | Reached skill level 15 in Axes
 14560 | Lair:3   | Found a staircase to the Snake Pit.
 14771 | Lair:3   | Killed a five-headed hydra
 14876 | Lair:3   | Acquired a manual of Axes
 14925 | Lair:3   | Noticed Nessos
 14944 | Lair:3   | Killed Nessos
 15310 | Lair:4   | Noticed a five-headed hydra
 15800 | Lair:3   | Killed a five-headed hydra
 15801 | Lair:3   | Reached skill level 16 in Axes
 16330 | Lair:4   | Reached XP level 13. HP: 123/123 MP: 12/12
 17056 | Lair:5   | Entered Level 5 of the Lair of Beasts
 17091 | Lair:5   | Reached skill level 17 in Axes
 17109 | Lair:5   | Received a gift from Trog
 17826 | Lair:5   | Reached skill level 18 in Axes
 17968 | Lair:5   | Found a viscous altar of Jiyva.
 17969 | Lair:5   | Found a staircase to the Slime Pits.
 18483 | D:11     | Noticed Gastronok
 18491 | D:11     | Killed Gastronok
 18491 | D:11     | Noticed Fannar
 18492 | D:11     | Reached skill level 15 in Fighting
 18507 | D:11     | Killed Fannar
 18617 | D:11     | Found Wyjaaxko's General Store.
 18651 | D:11     | Reached XP level 14. HP: 135/135 MP: 13/13
 18655 | D:11     | Noticed Urug
 18662 | D:11     | Killed Urug
 19154 | D:12     | Reached skill level 15 in Armour
 19181 | D:12     | Reached skill level 19 in Axes
 19251 | D:12     | Found a frozen archway.
 19270 | IceCv    | Entered an ice cave
 19340 | IceCv    | Identified the +2 ice dragon scales of Fun and Games {rF-
                  | rC++ Dex+3}
 19341 | IceCv    | Identified the amulet "Hetass" {RegenMP Will++}
 19403 | IceCv    | Noticed a quicksilver ooze
 19408 | IceCv    | Killed a quicksilver ooze
 19551 | IceCv    | Noticed a quicksilver ooze
 19557 | IceCv    | Killed a quicksilver ooze
 19574 | IceCv    | Found a viscous altar of Jiyva.
 19574 | IceCv    | Noticed an azure jelly
 19580 | IceCv    | Killed an azure jelly
 19580 | IceCv    | Noticed an azure jelly
 20027 | IceCv    | Killed an azure jelly
 20069 | IceCv    | Got the ring of Ifau {rF+ rC+}
 20072 | IceCv    | Identified the ring of Biawk {rElec rPois rF+ Will- Dex+4}
 20190 | D:12     | Found a runed translucent gate.
 20190 | D:12     | Found a runed translucent gate.
 20190 | D:12     | Found a runed translucent gate.
 20191 | D:12     | Noticed duchin's ghost (journeyman MiFi)
 20192 | D:12     | Noticed bogdani's ghost (journeyman HOBe)
 20192 | D:12     | Noticed glosham's ghost (novice FoCA)
 20216 | D:12     | Killed bogdani's ghost
 20216 | D:12     | Received a gift from Trog
 20218 | D:12     | Killed glosham's ghost
 20224 | D:12     | Killed duchin's ghost
 20440 | D:12     | Reached skill level 1 in Shields
 20666 | D:13     | Noticed Rupert
 20666 | D:13     | Found a gate to the Vaults.
 20706 | D:12     | Reached skill level 20 in Axes
 20712 | D:12     | Killed Rupert
 21651 | D:13     | Found a runed translucent door.
 21652 | D:13     | Noticed lis82's ghost (journeyman DgFE)
 21664 | D:13     | Killed lis82's ghost
 21961 | D:14     | Noticed Frances
 21969 | D:14     | Killed Frances
 21970 | D:14     | Reached XP level 15. HP: 144/144 MP: 14/14
 21979 | D:14     | Found a runed translucent gate.
 21980 | D:14     | Found a runed translucent gate.
 21980 | D:14     | Noticed Vuyleh's ghost (journeyman GnHu)
 21981 | D:14     | Found a runed translucent gate.
 22037 | D:14     | Killed Vuyleh's ghost
 22270 | D:14     | Noticed Snorg
 22281 | D:14     | Killed Snorg
 22667 | D:15     | Entered Level 15 of the Dungeon
 22671 | D:15     | Reached skill level 15 in Dodging
 22710 | D:15     | Reached skill level 5 in Shields
 22808 | D:15     | Found a radiant altar of Vehumet.
 22880 | D:15     | Received a gift from Trog
 22928 | D:15     | Reached skill level 21 in Axes
 23161 | D:15     | Found a staircase to the Depths.
 23446 | Orc:1    | Entered Level 1 of the Orcish Mines
 23670 | Orc:2    | Entered Level 2 of the Orcish Mines
 23673 | Orc:2    | Noticed Azrael
 23694 | Orc:2    | Killed Azrael
 24247 | Orc:2    | Received a gift from Trog
 24333 | Orc:2    | Found Imacuwno's Jewellery Boutique.
 24333 | Orc:2    | Found Isakh's Book Emporium.
 24708 | Orc:2    | Noticed an orc warlord
 24723 | Orc:2    | Killed an orc warlord
 24744 | Orc:2    | Noticed Jorgrun
 24757 | Orc:2    | Killed Jorgrun
 24980 | Orc:2    | Found Jeheedaw's General Store.
 24980 | Orc:2    | Found Hoot's General Store.
 24996 | Orc:2    | Bought a potion of experience for 700 gold pieces
 24996 | Orc:2    | Reached skill level 22 in Axes
 24996 | Orc:2    | Reached XP level 16. HP: 155/155 MP: 15/15
 25301 | Orc:2    | Found a staircase to the Elven Halls.
 25527 | Swamp:1  | Entered Level 1 of the Swamp
 25535 | Swamp:1  | Received a gift from Trog
 25577 | Swamp:1  | Found a runed translucent gate.
 25577 | Swamp:1  | Found a runed translucent gate.
 25577 | Swamp:1  | Noticed Turbonekonecno's ghost (adept SpEn)
 25578 | Swamp:1  | Found a runed translucent gate.
 25578 | Swamp:1  | Noticed a tentacled monstrosity
 25604 | Swamp:1  | Noticed a thorn hunter
 25650 | Swamp:1  | Killed a tentacled monstrosity
 25651 | Swamp:1  | Killed a thorn hunter
 25652 | Swamp:1  | Reached XP level 17. HP: 162/162 MP: 16/16
 25668 | Swamp:1  | Killed Turbonekonecno's ghost
 25685 | Swamp:1  | Identified the +6 great mace of Summer {speed, +Blink}
 25697 | Swamp:1  | Identified the +2 pair of boots of Xubleuso {Fly Int-3
                  | Stlth+}
 27080 | Swamp:2  | Received a gift from Trog
 27612 | Swamp:2  | Reached skill level 23 in Axes
 28699 | Swamp:3  | Reached skill level 10 in Shields
 29015 | Swamp:3  | Identified the +6 glaive of Accidental Termination {flame,
                  | rN+++ MP-9 Str+8}
 29536 | Swamp:4  | Entered Level 4 of the Swamp
 29919 | Swamp:4  | Reached ****** piety under Trog
 30264 | Swamp:4  | Received a gift from Trog
 30265 | Swamp:4  | Reached XP level 18. HP: 78/173 MP: 17/17
 30671 | Swamp:4  | Noticed Mlioglotl
 30685 | Swamp:4  | Killed Mlioglotl
 31025 | Swamp:4  | Noticed a tentacled monstrosity
 31036 | Swamp:4  | Killed a tentacled monstrosity
 31157 | Swamp:4  | Got a decaying rune of Zot
 31834 | Vaults:1 | Entered Level 1 of the Vaults
 32868 | Vaults:1 | Received a gift from Trog
 33460 | Vaults:2 | Found Narodajo's Magic Scroll Emporium.
 33466 | Vaults:2 | Bought a scroll of blinking for 127 gold pieces
 33466 | Vaults:2 | Bought a scroll of blinking for 127 gold pieces
 33517 | Vaults:2 | Noticed Xtahua
 33534 | Vaults:2 | Paralysed by Xtahua for 4 turns
 33539 | Vaults:2 | Killed Xtahua
 33540 | Vaults:2 | Reached skill level 24 in Axes
 34642 | Vaults:2 | Reached XP level 19. HP: 175/184 MP: 18/18
 35366 | Vaults:3 | Noticed Margery
 35379 | Vaults:3 | Killed Margery
 35383 | Vaults:3 | Found a staircase to the Crypt.
 35908 | Vaults:3 | Acquired 992 gold pieces
 35973 | Vaults:3 | Paralysed by a sphinx for 4 turns
 36157 | Vaults:3 | Found a runed translucent door.
 36157 | Vaults:3 | Noticed Angmar's ghost (veteran DrAE)
 36665 | Vaults:3 | Identified the +3 hand axe of Kezyityb {flame, rF+} (Trog
                  | gifted it to you on level 3 of the Vaults)
 36665 | Vaults:3 | Received a gift from Trog
 38376 | Vaults:4 | Received a gift from Trog
 38389 | Vaults:4 | Reached XP level 20. HP: 40/195 MP: 19/19
 38774 | Vaults:4 | Found Nydoxzat's Book Emporium.
 38794 | Vaults:4 | Identified the +6 sling of the Sharp God {venom, Dex+5}
 38885 | Vaults:4 | Reached skill level 25 in Axes
 39881 | Depths:1 | Entered Level 1 of the Depths
 39933 | Depths:1 | Found a gateway to Hell.
 40223 | Depths:1 | Found a one-way gate leading to the halls of Pandemonium.
 40448 | Depths:1 | Received a gift from Trog
 40866 | Depths:1 | Reached skill level 15 in Shields
 40866 | Depths:1 | Found a white marble altar of Elyvilon.
 40943 | Depths:2 | Found a corrupted altar of Lugonu.
 40943 | Depths:2 | Found a one-way gate to the infinite horrors of the Abyss.
 41229 | Depths:2 | Found a one-way gateway to a ziggurat.
 41229 | Depths:2 | Noticed an ancient lich
 41836 | Depths:2 | HP: 9/198 [spark wasp (15)]
 42228 | Depths:2 | Received a gift from Trog
 42731 | Depths:2 | Reached XP level 21. HP: 173/205 MP: 20/20
 43130 | Depths:2 | Found a shimmering blue altar of Sif Muna.
 43701 | Depths:3 | Received a gift from Trog
 44391 | Depths:3 | Reached skill level 26 in Axes
 45007 | Depths:4 | Entered Level 4 of the Depths
 45013 | Depths:4 | Received a gift from Trog
 45568 | Depths:4 | Found a gate to the Realm of Zot.
 45658 | Depths:4 | HP: 1/209 [spriggan air mage/the air (27)]
 46500 | Depths:4 | Reached XP level 22. HP: 158/217 MP: 21/21
 47333 | Vaults:5 | Entered Level 5 of the Vaults
 47334 | Vaults:5 | Noticed an ancient lich
 47533 | Vaults:5 | Killed an ancient lich
 47542 | Vaults:5 | Received a gift from Trog
 48505 | Vaults:5 | Noticed an ancient lich
 48522 | Vaults:5 | Killed an ancient lich
 48828 | Vaults:5 | Received a gift from Trog
 48833 | Vaults:5 | Noticed a golden dragon
 49447 | Vaults:5 | Noticed a dread lich
 49608 | Vaults:4 | Killed a dread lich
 49609 | Vaults:4 | Reached skill level 27 in Axes
 49703 | Vaults:5 | Killed a golden dragon
 49949 | Vaults:5 | Identified the +1 mace "Ycyz" {venom, rElec rPois}
 49968 | Vaults:5 | Reached XP level 23. HP: 227/227 MP: 22/22
 49992 | Vaults:5 | Identified the +10 glaive of Might {vorpal, rElec rC+}
 49998 | Vaults:5 | Identified the +9 spear of Conscience {speed, rC++ Int+6
                  | Dex-2}
 50010 | Vaults:5 | Identified the +0 plate armour of the Crypt {rElec rC+}
 50076 | Vaults:5 | Got a silver rune of Zot
 50352 | Vaults:5 | Noticed a dread lich
 50363 | Vaults:5 | Killed a dread lich
 50582 | Vaults:5 | Received a gift from Trog
 50900 | Vaults:5 | Identified the +9 great mace "Vaduhyah" {vorpal, Str-2
                  | Int-2 Dex+9}
 50941 | Vaults:5 | Identified the +9 halberd "Viomaypn" {vorpal, +Blink rPois
                  | rF+++ Int-2}
 51751 | Snake:1  | Entered Level 1 of the Snake Pit
 52100 | Snake:1  | Identified the +4 morningstar of Upheaval {freeze, rElec
                  | rC+ Stlth-}
 52278 | Snake:1  | Received a gift from Trog
 52340 | Snake:1  | Noticed Donald
 52349 | Snake:1  | Killed Donald
 52804 | Snake:2  | Found Ucsul's Antique Armour Shoppe.
 52814 | Snake:2  | Bought a shiny tower shield for 337 gold pieces
 53081 | Snake:2  | Noticed Aizul
 53096 | Snake:2  | Killed Aizul
 53982 | Snake:3  | Received a gift from Trog
 54151 | Snake:3  | Identified the +5 short sword of Conscience {freeze, Str+2
                  | Int+2 SInv}
 54710 | Snake:4  | Entered Level 4 of the Snake Pit
 54980 | Snake:4  | Found Vutoriyn's Magic Scroll Shoppe.
 54982 | Snake:4  | Found Ygoamud's Weapon Shoppe.
 54982 | Snake:4  | Found Illifro's Assorted Antiques.
 54985 | Snake:4  | Found Nabuemno's Jewellery Emporium.
 54996 | Snake:4  | Bought a potion of curing for 120 gold pieces
 55228 | Snake:4  | Identified the +3 dagger of Doom {drain, rF+ Int+4 Dex+3}
 55816 | Snake:4  | Reached XP level 24. HP: 228/239 MP: 22/22
 55882 | Snake:4  | Got a serpentine rune of Zot
 56281 | Zot:1    | Entered Level 1 of the Realm of Zot
 56383 | Zot:1    | Received a gift from Trog
 57076 | Zot:1    | Identified the ring "Ydoitari" {Ice Stlth+}
 57076 | Zot:1    | Noticed Josephina
 57089 | Zot:1    | Killed Josephina
 57403 | Zot:1    | Noticed a Killer Klown
 57403 | Zot:1    | Noticed a Killer Klown
 57405 | Zot:1    | Noticed a Killer Klown
 57410 | Zot:1    | Noticed a Killer Klown
 57419 | Zot:1    | Killed a Killer Klown
 57425 | Zot:1    | Killed a Killer Klown
 57427 | Zot:1    | Lost intelligence.
 57433 | Zot:1    | Killed a Killer Klown
 57442 | Zot:1    | Killed a Killer Klown
 59035 | Zot:1    | Lost intelligence.
 59042 | Zot:2    | Noticed an orb of fire
 59060 | Zot:1    | Gained mutation: You are frail. (-10% HP) [an orb of fire]
 59060 | Zot:1    | Gained mutation: You are weak. (Str -2) [an orb of fire]
 59063 | Zot:1    | Gained mutation: Your magical capacity is low. (-10% MP)
                  | [an orb of fire]
 59070 | Zot:1    | Killed an orb of fire
 59344 | Zot:1    | Lost mutation: You are frail. (-10% HP) [potion of
                  | mutation]
 59344 | Zot:1    | Lost mutation: You are weak. (Str -2) [potion of mutation]
 59344 | Zot:1    | Lost mutation: Your skin changes colour to match your
                  | surroundings (Stealth+). [potion of mutation]
 59345 | Zot:1    | Lost mutation: Your magical capacity is low. (-10% MP)
                  | [potion of mutation]
 59345 | Zot:1    | Lost mutation: You are partially covered in iridescent
                  | scales. (AC +2) [potion of mutation]
 59345 | Zot:1    | Gained mutation: Your magical capacity is low. (-10% MP)
                  | [potion of mutation]
 59345 | Zot:1    | Gained mutation: Your mind is acute. (Int +4, Str/Dex -1)
                  | [potion of mutation]
 59346 | Zot:1    | Lost mutation: Your magical capacity is low. (-10% MP)
                  | [potion of mutation]
 59346 | Zot:1    | Lost mutation: Your mind is acute. (Int +4, Str/Dex -1)
                  | [potion of mutation]
 59346 | Zot:1    | Gained mutation: Your muscles are strong. (Str +4, Int/Dex
                  | -1) [potion of mutation]
 59346 | Zot:1    | Gained mutation: You passively dampen the noise of your
                  | surroundings. [potion of mutation]
 59347 | Zot:1    | Lost mutation: You passively dampen the noise of your
                  | surroundings. [potion of mutation]
 59347 | Zot:1    | Lost mutation: Your muscles are strong. (Str +4, Int/Dex
                  | -1) [potion of mutation]
 59347 | Zot:1    | Gained mutation: Your spells are a little easier to cast,
                  | but a little less powerful. [potion of mutation]
 59714 | Zot:1    | Lost intelligence.
 59745 | Zot:2    | Received a gift from Trog
 60363 | Zot:2    | Noticed Vv
 60383 | Zot:2    | Killed Vv
 61063 | Zot:2    | Noticed a Killer Klown
 61072 | Zot:2    | Killed a Killer Klown
 62869 | Zot:3    | Reached XP level 25. HP: 250/250 MP: 22/22
 63010 | Zot:3    | Noticed an orb of fire
 63027 | Zot:3    | Killed an orb of fire
 63046 | Zot:3    | Noticed a Killer Klown
 63057 | Zot:3    | Killed a Killer Klown
 63580 | Zot:4    | Found a large runed translucent door.
 63580 | Zot:4    | Found a large runed translucent door.
 63581 | Zot:4    | Found a large runed translucent door.
 63581 | Zot:4    | Found a large runed translucent door.
 63581 | Zot:4    | Found a shimmering altar of Xom.
 63581 | Zot:4    | Noticed a Killer Klown
 63581 | Zot:4    | Noticed a Killer Klown
 63582 | Zot:4    | Found a large runed translucent door.
 63582 | Zot:4    | Identified the +3 ring mail of Egalitarianism {-Tele Harm
                  | +Inv rCorr}
 63582 | Zot:4    | Identified the +2 robe "Tymuashre" {Regen+ Stlth+}
 63607 | Zot:4    | Killed a Killer Klown
 63613 | Zot:4    | Found a large runed translucent door.
 63614 | Zot:4    | Found a large runed translucent door.
 63614 | Zot:4    | Found a large runed translucent door.
 63899 | Zot:4    | Noticed a Killer Klown
 63899 | Zot:4    | Noticed a Killer Klown
 63901 | Zot:4    | Identified the +5 great sword of the Tortured God {flame,
                  | rPois Will++}
 63907 | Zot:4    | Killed a Killer Klown
 63918 | Zot:4    | Killed a Killer Klown
 63944 | Zot:4    | Killed a Killer Klown
 64264 | Zot:4    | Identified the +6 hand crossbow of Freehold {freeze, Dex+2}
 64265 | Zot:4    | Noticed a Killer Klown
 64267 | Zot:4    | Identified the +7 longbow of the Everdark {vorpal, rPois
                  | Str+4 Int+4}
 64320 | Zot:4    | Killed a Killer Klown
 64479 | Zot:4    | Identified the +1 robe of the Louse {rN+ Int+3}
 64570 | Zot:5    | Entered Level 5 of the Realm of Zot
 64781 | Zot:5    | Received a gift from Trog
 65876 | Zot:5    | Noticed an orb of fire
 65889 | Zot:5    | Noticed an orb of fire
 65900 | Zot:5    | Noticed a Killer Klown
 65900 | Zot:5    | Gained mutation: You occasionally shout uncontrollably at
                  | your foes. [an orb of fire]
 65901 | Zot:5    | Noticed an orb of fire
 65902 | Zot:5    | Noticed an orb of fire
 65903 | Zot:5    | Noticed an orb of fire
 65905 | Zot:5    | HP: 7/253 [Orb Guardian (35)]
 65906 | Zot:5    | Slain by an Orb Guardian

Illustrated notes

Levels and vault maps discovered:
D:1:      amcnicky_arrival_choice, layout_basic, serial_glass, glass_columns_c,
          glass_columns_a, minmay_lizard_king
D:2:      layout_basic, minmay_tromino_i2
D:3:      layout_basic
D:4:      layout_basic, nicolae_overflow_crystal_walls, okawaru_gym_becter,
          mainiacjoe_overflow_alcove_2, minmay_temple_entry_statues
D:5:      layout_loops_corners, dk_noncrumbling_4
D:6:      layout_basic, portal_sewer_entry_f, kennysheep_generic_room_16
D:7:      layout_loops_ring, chequers_decorated_corner
D:8:      layout_loops_corners, old_standard_altar,
          hellmonk_ghost_happy_afterlife
D:9:      layout_basic, minmay_hedge_maze, evilmike_butchery
D:10:     layout_big_octagon, mainiacjoe_overflow_brackets, dpeg_lair_monsters
D:11:     layout_roguey, serial_shops, nicolae_shop_waterfront,
          chequers_arboretum, uniq_urug, uniq_gastronok, uniq_fannar
D:12:     layout_irregular_city, gammafunk_ghost_cemetery,
          portal_ice_cave_demonic_guard
D:13:     layout_cave_pods, david_vaults_3, gauntlet_entry_generic,
          ebering_ghost_reflecting_pool
D:14:     layout_loops_ring, minmay_holes, ebering_ghost_rock_garden, pond,
          uniq_frances, uniq_snorg
D:15:     grunt_enter_depths_snipers, layout_gridville,
          nicolae_vehumet_altar_sigil
Lair:1:   layout_layer_cave
Lair:2:   layout_loops_ring, minmay_swamp_entry_swarm,
          hangedman_lair_unloving_vines, grunt_forest_large_clearings,
          grunt_megastairs_4, lemuel_fruit_fields
Lair:3:   layout_big_grid, guppyfry_snake_entry_garden, beast_lair_carwin_2,
          grunt_megastairs_2, serial_bayou_shore_b, lemuel_fruit_tree,
          uniq_nessos
Lair:4:   layout_cave_shapes, chequers_serial_rivers_room_a, evilmike_ambush
          [evilmike_ambush_outer_pillars, evilmike_ambush_inner_pond]
Lair:5:   gammafunk_lair_ancient_temple, layout_misc_corridors, slime_entry_1
Swamp:1:  layout_falls_marsh, gammafunk_ghost_split, hangedman_swamp_lotus
Swamp:2:  nzn_winding_woodlands_medium [nzn_winding_woodlands_5x5_three,
          nzn_winding_woodlands_5x15_river_crossing,
          nzn_winding_woodlands_hourglass,
          nzn_winding_woodlands_5x5_closed_star,
          nzn_winding_woodlands_center_lodge, nzn_winding_woodlands_5x5_cross,
          nzn_winding_woodlands_5x5_default, nzn_winding_woodlands_5x15_parted,
          nzn_winding_woodlands_5x5_default], layout_basic_swamp,
          evilmike_swamp_ruin_house_1, swamp_pool2, infiniplex_staircase_pool
Swamp:3:  layout_basic_swamp, nicolae_swamp_little_tower, swamp_pool3
Swamp:4:  swamp_alternative, layout_basic_swamp, nicolae_swamp_baby_hydras,
          uniq_mlioglotl
Snake:1:  onia_ninara_swampy_vault, layout_concentric_octagons, uniq_rupert,
          uniq_donald
Snake:2:  layout_cave_shapes, serial_shops, shop, serial_bayou_shore_a,
          uniq_aizul
Snake:3:  layout_cave_shapes, nicolae_snake_gridmaze_big_u
Snake:4:  hellmonk_snake_rune_quicksilver_temple, layout_cave_town,
          nicolae_snake_storage_room, minmay_shoptagon
Orc:1:    layout_caves, special_room [special_room_orc]
Orc:2:    st_orc_town, layout_caves, basic_altar, nicolae_orc_sculptors_studio,
          elf_legates, uniq_jorgrun, uniq_azrael
Vaults:1: vaults_dpeg_ring, hangedman_vaults_cutoff,
          nicolae_vaults_network_quinsquares
          [nicolae_vaults_network_quincunx_subvault,
          nicolae_vaults_network_quincunx_subvault,
          nicolae_vaults_network_quincunx_subvault,
          nicolae_vaults_network_quincunx_subvault], v_alt_pattern_6,
          serial_ice_g, v_rooms_2, vaults_room_semicircle, vaults_room_hallway,
          vaults_room_grunt_arrival_checkpoint, v_misc_29,
          nicolae_vaults_little_squares_4, layout_vaults_ring
Vaults:2: portal_desolation_entry_ruin, nicolae_vaults_triangles, v_pattern_2,
          vaults_dpeg_emergency_exit, nicolae_vaults_c_with_doors, v_misc_17,
          vaults_room_hallway, grunt_vaults_twisty, grunt_vaults_hallway_short,
          nicolae_vaults_yaktaur_gun_rack, layout_vaults_quadrants,
          serial_shops, nicolae_square_shop, uniq_xtahua
Vaults:3: gammafunk_ghost_grave, nicolae_vaults_network_quincunx
          [nicolae_vaults_network_quincunx_subvault,
          nicolae_vaults_network_quincunx_subvault,
          nicolae_vaults_network_quincunx_subvault,
          nicolae_vaults_network_quincunx_subvault,
          nicolae_vaults_network_quincunx_subvault], v_misc_9,
          nicolae_vaults_circle_grid_a, minmay_crypt_entry_nasty_monster,
          ontoclasm_vaults_ring_square, v_pattern_1,
          nicolae_vaults_ninety_degrees, nicolae_vaults_little_squares_3,
          vaults_room_pool, nicolae_vaults_little_squares_5, vaults_room_fours,
          ontoclasm_vaults_spin, layout_vaults_omnibox, uniq_margery
Vaults:4: dpeg_vaults_monster_row, v_alt_pattern_2, v_misc_31,
          dpeg_vaults_waves, nicolae_vaults_asterisk,
          nicolae_vaults_little_squares_5, v_rooms_6, nicolae_vaults_theta,
          ontoclasm_vaults_idyll, vaults_room_stairs_pillars,
          layout_vaults_chaotic_city, serial_shops, nicolae_shop_behind_doors
Vaults:5
Depths:1: layout_basic, rand_demon_pan_entry_5, hell_entry,
          nicolae_elyvilon_temple_path
Depths:2: minmay_the_grid_4x2 [minmay_the_grid_medium_cups,
          minmay_the_grid_all_tris, minmay_the_grid_slots,
          minmay_the_grid_tiny_cups, minmay_the_grid_minigrid_small,
          minmay_the_grid_small_cups, minmay_the_grid_large_cup,
          minmay_the_grid_prize_inner_circle], layout_cave_shapes,
          enter_ziggurat_c, abyss_entry_flame_altar, grunt_hell_entry_dis_grunt,
          led_sif_pool, rand_demon_pan_entry_7, drop_trap
Depths:3: nicolae_terramorphic_expanse [nicolae_terramorphic_quarter,
          nicolae_terramorphic_quarter, nicolae_terramorphic_quarter,
          nicolae_terramorphic_quarter, nicolae_terramorphic_quarter,
          nicolae_terramorphic_biome, nicolae_terramorphic_biome,
          nicolae_terramorphic_biome, nicolae_terramorphic_biome], layout_basic,
          pan_entry, abyss_entry, hell_entry, roderic_lattice_a
Depths:4: grunt_twist_and_shout, layout_cave_pools, pan_entry, abyss_entry,
          hell_entry, serial_shops, bzr_entry_gold
Zot:1:    circus_mu, layout_misc_corridors, grunt_ministairs_6, uniq_josephina
Zot:2:    kennysheep_six_static_rooms, layout_onion_interference, uniq_vv
Zot:3:    layout_gridlike, zot_minivault_5
Zot:4:    layout_onion, hangedman_xom_zot_hilarity, lemuel_elevator
Zot:5:    layout_gridlike, st_stairs_2

Skill      XL: |  1  2  3  4  5  6  7  8  9 10 11 12 13 14 15 16 17 18 19 20 21 22 23 24 25 |
---------------+----------------------------------------------------------------------------+-----
Axes           | 4 5 6 7 9 11 14 16 18 20 22 23 24 25 26 27 | 27.0
Fighting       | 4 5 6 7 9 10 12 13 15 16 17 18 19 20 21 22 23 24 25 26 | 26.3
Armour         | 3 4 5 6 7 9 10 12 13 14 16 17 18 19 20 21 22 23 24 25 26 | 26.1
Dodging        | 3 4 5 6 8 9 11 12 13 14 15 16 17 18 19 20 21 22 23 24 | 24.3
Shields        | 4 7 8 10 12 14 15 17 18 20 21 22 | 22.2

Action                   |  1- 3 |  4- 6 |  7- 9 | 10-12 | 13-15 | 16-18 | 19-21 | 22-24 | 25-27 || total
-------------------------+-------+-------+-------+-------+-------+-------+-------+-------+-------++-------
Melee: Hand axe          |   102 |    71 |   293 |   466 |    82 |       |       |       |       ||  1014
       Headbutt          |    12 |     9 |    47 |   118 |   174 |   225 |   390 |   410 |    74 ||  1459
       Punch             |       |       |     1 |     4 |     1 |       |       |       |       ||     6
       Flail             |       |       |       |    15 |       |       |       |       |       ||    15
       Executioner's axe |       |       |       |       |   252 |       |       |       |       ||   252
       Broad axe         |       |       |       |       |   428 |   813 |  1265 |  1327 |   265 ||  4098
Invok: Berserk           |       |     4 |    13 |    18 |    17 |     8 |    16 |     9 |     1 ||    86
       Trog's Hand       |       |       |     3 |     1 |     2 |       |     5 |    22 |     5 ||    38
       Brothers in Arms  |       |       |       |       |       |       |       |     2 |       ||     2
Evoke: Wand              |       |       |       |    11 |       |       |       |       |       ||    11
       Phial of floods   |       |       |       |       |     2 |       |       |       |       ||     2
       Tin of tremorston |       |       |       |       |       |     2 |       |       |       ||     2
  Use: Scroll            |     5 |       |     8 |    13 |     7 |     7 |    10 |     7 |     9 ||    66
       Potion            |       |       |     7 |    14 |     5 |    11 |     9 |     8 |     7 ||    61
 Stab: Sleeping          |     1 |       |       |       |       |       |       |       |       ||     1
       Paralysed         |       |       |       |    10 |       |       |       |       |       ||    10
       Distracted        |       |       |       |       |       |       |       |     3 |       ||     3
       Invisible         |       |       |       |       |       |       |       |       |     2 ||     2
       Confused          |       |       |       |       |       |       |       |       |     1 ||     1
Armor: Animal skin       |     6 |       |       |       |       |       |       |       |       ||     6
       Chain mail        |    22 |    20 |   114 |   195 |   117 |   414 |   584 |   322 |       ||  1788
       Ice dragon scales |       |       |       |       |   108 |       |       |       |       ||   108
       Plate armour      |       |       |       |       |   144 |       |       |       |       ||   144
       Gold dragon scale |       |       |       |       |       |       |       |   403 |   172 ||   575
Dodge: Dodged            |    45 |    23 |    98 |   241 |   450 |   415 |   603 |   614 |   159 ||  2648
Block: Kite shield       |       |       |       |       |   229 |   420 |   798 |   522 |       ||  1969
       Tower shield      |       |       |       |       |       |       |       |   739 |   309 ||  1048
